 Dungeon Crawl Stone Soup version 0.25.0-1-g7eea58d2a3 (webtiles) character file.

Game seed: 4214879943197779936

1946 Angani the Summoner (level 9, 0/47 HPs)
             Began as a Vine Stalker Wizard on June 13, 2020.
             Was a Follower of Sif Muna.
             Slain by a killer bee (8 damage)
             ... on level 7 of the Dungeon.
             The game lasted 00:24:31 (7999 turns).

Angani the Summoner (Vine Stalker Wizard)           Turns: 7999, Time: 00:24:31

Health: 0/47       AC:  7    Str: 11    XL:     9   Next: 18%
Magic:  0/18       EV: 12    Int: 21    God:    Sif Muna [*.....]
Gold:   321        SH:  0    Dex: 12    Spells: 16/19 levels left

rFire    . . .     SeeInvis .   m - +2 spear (vorpal)
rCold    . . .     Gourm    .   (no shield)
rNeg     . . .     Faith    .   a - +0 robe
rPois    .         Spirit   +   v - +0 helmet
rElec    .         Reflect  .   (no cloak)
rCorr    .         Harm     .   (no gloves)
MR       +....                  (no boots)
Stlth    ++........             (no amulet)
HPRegen  0.55/turn              y - +4 ring of protection
MPRegen  0.16/turn              (no ring)

@: lethally poisoned (0 -> -4)
A: fangs 3, regeneration 1, magic shield, antimagic bite, no potion heal 3, rot
immunity
a: Channel Magic, Renounce Religion


You were on level 7 of the Dungeon.
You worshipped Sif Muna.
Sif Muna was aware of your devotion.
You were not hungry.

You visited 2 branches of the dungeon, and saw 8 of its levels.
You also visited: Sewer.

You collected 321 gold pieces.

Inventory:

Hand Weapons
 m - a +2 vorpal spear (weapon)
Armour
 a - a +0 robe (worn)
 v - a +0 helmet (worn)
 x - a +0 troll leather armour {Purgy}
Jewellery
 l - an uncursed ring of ice
 y - a +4 ring of protection (left hand)
Wands
 b - a wand of digging (8)
 o - a wand of paralysis (11)
Scrolls
 e - a scroll of magic mapping
 f - 13 scrolls of teleportation
 g - a scroll of amnesia
 h - 3 scrolls of remove curse
 n - a scroll of immolation
 p - a scroll of fog
 q - 2 scrolls of blinking
 t - 3 scrolls of enchant weapon
Potions
 c - 2 potions of brilliance
 i - 4 potions of curing {unknown}
 j - 2 potions of stabbing {unknown}
 k - a potion of magic
 r - 2 potions of degeneration
 s - 3 potions of flight
 u - 2 potions of mutation
 w - a potion of invisibility
Comestibles
 d - 19 rations
 z - a chunk of flesh


   Skills:
 + Level 5.0 Fighting
 - Level 1.5 Dodging
 - Level 2.4 Stealth
 - Level 5.8 Spellcasting
 - Level 1.5 Conjurations
 - Level 9.0 Summonings
   Level 1.0 Translocations


You had 16 spell levels left.
You knew the following spells:

 Your Spells              Type           Power        Failure   Level  Hunger
a - Magic Dart            Conj           ##..         5%          1    None
b - Call Imp              Summ           #####...     1%          2    None

Your spell library contained the following spells:

 Spells                   Type           Power        Failure   Level  Hunger
 Blink                    Tloc           N/A          10%         2    None
 Slow                     Hex            #.......     16%         2    None
 Conjure Flame            Conj/Fire      #.......     22%         3    ##.....
 Mephitic Cloud           Conj/Pois/Air  #.......     24%         3    ##.....


Dungeon Overview and Level Annotations

Branches:
Dungeon (7/15)             Temple (1/1) D:6           Sewer (visited)

Altars:
Ashenzari
Cheibriados
Dithmenos
Hepliaklqana
Kikubaaqudgha
Makhleb
Sif Muna
Wu Jian
Xom
Yredelemnul
Zin
The Shining One

Annotations:
D:3 2 transporters, Menkaure


Innate Abilities, Weirdness & Mutations

You have razor-sharp teeth.
Your natural rate of healing is unusually fast.
When hurt, damage is shared between your health and your magic reserves.
Your bite disrupts and absorbs the magic of your enemies.
Potions cannot restore your health.
You are immune to rotting.


Message History

Unknown command.
You feel sick. The killer bee stings your crimson imp.
Your crimson imp dies!
Your white imp gestures at the killer bee.
The puff of frost hits the killer bee.
The killer bee dies!
Sif Muna accepts your kill.
Your Fighting skill increases to level 5!
The killer bee stings you but does no damage.
The killer bee closely misses you.
Unknown command.
You miss the killer bee.
The killer bee is almost dead.
You feel sick.
The killer bee stings you but does no damage.
The killer bee stings you.
* * * LOW HITPOINT WARNING * * *
Your white imp completely misses the killer bee.
The killer bee stings you!
You die...

## .##### .....## .....>## ####
..#....## ###..###
.##.....#####.#....#
####...###..#...@####
#..........#.yy..###
##.........##5..†..# ####
##.........###.......# #...
##...........#.†....... #... #
#................5....######...
.##..#..................#...##...
............................#≈.8.
#......#................##...≈≈(.


You could see 2 killer bees, a friendly crimson imp (summoned) and a friendly
white imp (summoned).

Vanquished Creatures
  2 hippogriffs (D:7)
  An orc warrior (D:6)
  A necrophage (D:6)
  An ice beast (D:5)
  A centaur (D:7)
  A bullfrog (D:6)
  A howler monkey (D:5)
  2 crimson imps
  A hound (D:4)
  2 orc wizards
  An orc priest (D:4)
  A bullfrog skeleton (D:6)
  A worker ant (D:6)
  2 hound skeletons
  Robin (D:4)
  3 gnolls (D:3)
  3 adders
  A shadow imp (D:4)
  3 oozes
  A worm (D:3)
  2 leopard geckos
  12 orcs
  2 ball pythons
  4 giant cockroaches
  6 goblins
  8 hobgoblins
  9 jackals
  2 quokkas
  4 bats
  7 frilled lizards
  A jackal skeleton (D:4)
  10 kobolds
  7 rats
104 creatures vanquished.

Vanquished Creatures (collateral kills)
  Edmund (D:4)
  A sky beast (D:7)
  Purgy (Sewer)
  A centaur (D:5)
  2 ogres
  Blork the orc (D:5)
  A water moccasin zombie (D:5)
  3 killer bees (D:7)
  2 crimson imps (D:5)
  3 hounds
  A bullfrog skeleton (D:7)
  An orc wizard (D:5)
  An orc priest (D:5)
  Jessica (D:1)
  5 worker ants
  A hound zombie (D:7)
  5 gnolls
  7 adders
  A dart slug (D:1)
  2 leopard geckos
  8 orcs
  A giant cockroach (D:2)
  8 goblins
  3 hobgoblins
  5 jackals
  5 kobolds
  A quokka (D:7)
  A bat (D:1)
  A frilled lizard (D:1)
74 creatures vanquished.

Vanquished Creatures (others)
  A goblin (D:4)
1 creature vanquished.

Grand Total: 179 creatures vanquished

Notes
Turn   | Place    | Note
-------+----------+-------------------------------------------
     0 | D:1      | Angani the Vine Stalker Wizard began the quest for the Orb.
     0 | D:1      | Reached XP level 1. HP: 9/9 MP: 5/5
   131 | D:1      | Reached XP level 2. HP: 13/13 MP: 0/7
   207 | D:1      | Learned a level 2 spell: Call Imp
   735 | D:1      | Reached XP level 3. HP: 9/16 MP: 5/9
  1565 | D:2      | Noticed Jessica
  1578 | D:1      | Killed Jessica
  1578 | D:1      | Reached skill level 2 in Summonings
  2061 | D:2      | Noticed an ogre
  2090 | D:2      | Killed an ogre
  2090 | D:2      | Gained mutation: Your natural rate of healing is unusually
                  | fast. [Vine Stalker growth]
  2090 | D:2      | Reached XP level 4. HP: 21/21 MP: 1/11
  2445 | D:2      | Reached skill level 3 in Summonings
  2445 | D:2      | Reached XP level 5. HP: 24/24 MP: 9/12
  2991 | D:3      | Found a basalt altar of Yredelemnul.
  2994 | D:3      | Noticed Menkaure
  2996 | D:3      | Found an ancient bone altar of Kikubaaqudgha.
  3027 | D:3      | Found a transporter.
  3029 | D:3      | Found a transporter.
  3039 | D:3      | Noticed a phantom
  3052 | D:3      | Found a shattered altar of Ashenzari.
  3348 | D:3      | Found a shadowy altar of Dithmenos.
  3359 | D:3      | Reached skill level 5 in Spellcasting
  3918 | D:4      | Found a hazy altar of Hepliaklqana.
  3920 | D:4      | Found a shimmering altar of Xom.
  3921 | D:4      | Noticed a spectral ugly thing
  3986 | D:4      | Reached XP level 6. HP: 24/28 MP: 11/15
  4099 | D:4      | Noticed Edmund
  4150 | D:3      | Reached skill level 4 in Summonings
  4375 | D:4      | Killed Edmund
  4471 | D:4      | Noticed Robin
  4649 | D:4      | Killed Robin
  5446 | D:5      | Entered Level 5 of the Dungeon
  5451 | D:5      | Found an ornate altar of the Wu Jian Council.
  5462 | D:5      | Reached skill level 5 in Summonings
  5462 | D:5      | Reached XP level 7. HP: 32/32 MP: 8/16
  5484 | D:5      | Found a glowing silver altar of Zin.
  5582 | D:5      | Noticed Blork the orc
  5594 | D:5      | Killed Blork the orc
  5594 | D:5      | Reached skill level 6 in Summonings
  5610 | D:5      | Found a glowing drain.
  5649 | D:5      | Got a fine chain mail
  5723 | Sewer    | Entered a sewer
  5789 | Sewer    | Noticed Purgy
  5805 | Sewer    | Killed Purgy
  6075 | D:5      | Identified the +3 chain mail of Caahips {Harm *Corrode MR+}
                  | (You found it on level 5 of the Dungeon)
  6086 | D:5      | Reached skill level 7 in Summonings
  6185 | D:5      | Gained mutation: You have razor-sharp teeth. [Vine Stalker
                  | growth]
  6185 | D:5      | Reached XP level 8. HP: 36/36 MP: 17/17
  6621 | D:6      | Found a staircase to the Ecumenical Temple.
  6633 | D:6      | Reached skill level 8 in Summonings
  6637 | Temple   | Entered the Ecumenical Temple
  6665 | Temple   | Became a worshipper of Sif Muna the Loreminder
  6749 | D:6      | Found a snail-covered altar of Cheibriados.
  6992 | D:6      | Found a burning altar of Makhleb.
  7078 | D:6      | Reached skill level 9 in Summonings
  7145 | D:6      | Reached skill level 1 in Fighting
  7402 | D:7      | Found an ornate altar of the Wu Jian Council.
  7441 | D:7      | Noticed a hippogriff
  7456 | D:7      | Killed a hippogriff
  7547 | D:7      | Reached XP level 9. HP: 27/45 MP: 6/18
  7742 | D:7      | Reached * piety under Sif Muna
  7998 | D:7      | Reached skill level 5 in Fighting
  7999 | D:7      | Slain by a killer bee

Illustrated notes

Levels and vault maps discovered:
D:1:      lemuel_arrival_behind_the_door_small, layout_rooms
D:2:      layout_loops_ring, uniq_jessica
D:3:      layout_loops_ring, gammafunk_temple_of_torment, lemuel_doored_altar,
          lemuel_round_altar, chequers_jeans, grunt_ministairs_7, minmay_between
D:4:      layout_layer_cave, regret_index_temple_of_mockery, uniq_edmund,
          uniq_robin
D:5:      cheibrodos_barr_body, layout_rooms, overflow_temple_1_default,
          gup_sewer_entry_glass, first_ration, chequers_serial_rivers_marsh,
          lemuel_altar_in_water, uniq_blork_the_orc
D:6:      layout_cave_pools, cheibriados_altar_1,
          minmay_temple_entry_mini_moons, makhleb_blood_cavern_becter
D:7:      layout_cave_pools, serial_column_ruins, column_ruins_hut,
          column_ruins_temple_circle, column_ruins_open_large,
          column_ruins_columns_water, column_ruins_grid_1,
          column_ruins_columns_straight, column_ruins_grid_1
Temple:   dpeg_chambers_temple

Skill      XL: |  1  2  3  4  5  6  7  8  9 |
---------------+----------------------------+-----
Spellcasting   | 4 5 |  5.8
Summonings     | 2 3 5 7 9 |  9.0
Fighting       | 3 5 |  5.0
Dodging        | |  1.5
Stealth        | |  2.4
Conjurations   | |  1.5
Translocations | |  1.0

Action                   |  1- 3 |  4- 6 |  7- 9 || total
-------------------------+-------+-------+-------++-------
Melee: Unarmed           |    92 |    24 |       ||   116
       Bite              |    17 |    28 |    39 ||    84
       Spear             |       |   174 |   230 ||   404
 Cast: Magic Dart        |    13 |       |       ||    13
       Call Imp          |    27 |    49 |    65 ||   141
Evoke: Wand              |       |       |     1 ||     1
  Use: Scroll            |       |     9 |     8 ||    17
 Stab: Sleeping          |     1 |     1 |     4 ||     6
       Distracted        |       |     1 |     5 ||     6
       Paralysed         |       |       |     4 ||     4
  Eat: Chunk             |     4 |    10 |    10 ||    24
Armor: Robe              |    18 |    22 |    61 ||   101
Dodge: Dodged            |    62 |   133 |   116 ||   311
